 Dungeon Crawl Stone Soup version 0.22.0-6-g71bd7aa (webtiles) character file.

1267 ventricule the Slasher (level 8, -4/90 HPs)
             Began as a Demigod Warper on Aug 14, 2018.
             Slain by a centaur
             ... wielding a +0 hand axe
              (9 damage)
             ... on level 5 of the Dungeon.
             The game lasted 00:22:19 (4975 turns).

ventricule the Slasher (Demigod Warper)             Turns: 4975, Time: 00:22:20

Health: -4/90      AC:  9    Str: 19    XL:     8   Next: 7%
Magic:  13/13      EV: 15    Int: 21    God:
Gold:   120        SH:  0    Dex: 15    Spells: 3/10 levels left

rFire    . . .     SeeInvis .   a - +1 falchion
rCold    . . .     Gourm    .   (no shield)
rNeg     . . .     Faith    .   c - +0 leather armour
rPois    .         Spirit   .   d - +2 helmet
rElec    .         Reflect  .   q - +0 cloak
rCorr    .         Harm     .   n - +1 pair of gloves
MR       .....                  (no boots)
Stlth    ..........             (no amulet)
HPRegen  0.25/turn              A - ring of flight
MPRegen  0.13/turn              (no ring)

@: mighty, berserking, very quick
A: high mp 1
a: Evoke Flight


You were on level 5 of the Dungeon.
You were not hungry.

You visited 1 branch of the dungeon, and saw 6 of its levels.

You collected 120 gold pieces.

Inventory:

Hand Weapons
 a - a +1 falchion (weapon)
 b - a +0 hunting sling
 w - a +0 blowgun
 y - a +2 quarterstaff of chaos
Missiles
 f - a tomahawk of dispersal {=f}
 j - 41 sling bullets
 k - 19 poisoned needles
 v - 8 curare-tipped needles
 Q - 151 stones (quivered)
Armour
 c - a +0 leather armour (worn)
 d - a +2 helmet (worn)
 m - a scarf of spirit shield
 n - a +1 pair of gloves (worn)
 q - a +0 cloak (worn)
 t - a +0 buckler
Jewellery
 A - a ring of flight (left hand)
Scrolls
 l - a scroll of enchant weapon
 o - a scroll of remove curse
 p - a scroll of enchant armour
Potions
 h - a potion of magic {unknown}
 r - a potion of cancellation
 s - a potion of flight
Comestibles
 e - 4 rations
 g - 4 chunks of flesh


   Skills:
 - Level 1.7 Fighting
 + Level 6.4 Long Blades
 - Level 0.8 Throwing
 - Level 0.8 Armour
 + Level 5.1 Dodging
 + Level 0.0 Shields
 - Level 1.7 Spellcasting
 - Level 2.1 Charms
 - Level 4.8 Translocations


You had 3 spell levels left.
You knew the following spells:

 Your Spells              Type           Power        Failure   Level  Hunger
a - Shroud of Golubria    Chrm/Tloc      ###.......   6%          2    ###....
b - Blink                 Tloc           N/A          3%          2    ###....
c - Gell's Gravitas       Tloc           ###.......   8%          3    ###....

Your spell library contained the following spells:

 Spells                   Type           Power        Failure   Level  Hunger
 Teleport Other           Tloc           ###.....     8%          3    ###....
 Passage of Golubria      Tloc           N/A          24%         4    #####..
 Lesser Beckoning         Tloc           ###.......   8%          3    ###....


Dungeon Overview and Level Annotations

Branches:
Dungeon (6/15)
 Temple: D:4-7

Annotations:
D:2 exclusion: Sigmund, Sigmund


Innate Abilities, Weirdness & Mutations

You have an increased reservoir of magic. (+10% MP)


Message History

It was a potion of might.
You feel very mighty all of a sudden.
The centaur shoots an arrow.
The arrow misses you.
It was a potion of berserk rage.
A red film seems to cover your vision as you go berserk!
You feel yourself moving faster!
You feel mighty!
The centaur shoots an arrow.
The arrow misses you.
The centaur shoots an arrow.
The arrow hits you!
* * * LOW HITPOINT WARNING * * *
You now have 4/90 hp.
You feel a strong urge to attack something.
The centaur shoots an arrow.
The arrow closely misses you.
You see here a poisoned needle.
You slash the centaur!
The centaur unwields an uncursed shortbow.
The centaur wields a hand axe.
The centaur misses you.
MP restored: 13 You barely miss the centaur.
The centaur hits you but does no damage.
You hit the centaur. The centaur hits you with a hand axe!
You die...

#.# ###. #.# ..# #.
#.# ..# #. #.# #####
..# . #. #.# ##...
..# .. #. #.# #..####
..##... #.
#.##..#...###...(....
#.
#.#..###._.#c#.(#...
#. #...###.....@(#
...# #.
#...#.......(###...#
#.
#..##......)(..#...#
#.
#...##.##.##(.##...#
#.
#..######.###.##...#
##
##.(.((.)..........#
###################


You could see a centaur.

Vault maps used:
D:1:      evilmike_arrival_crescent
D:2:      chequers_ecumenical_altar_simple_redux, uniq_jessica, uniq_sigmund,
          uniq_terence
D:4:      first_ration, minmay_misc_feat_doors, uniq_crazy_yiuf_cottage,
          uniq_pikel, uniq_ijyb
D:5:      wad_floor_pattern_untrapped, minmay_ruined_shrine, uniq_blork_the_orc
D:6:      overflow_temple_1_default, minmay_temple_entry_overgrown,
          nicolae_ossuary_entry_plus

Notes
Turn   | Place    | Note
-------+----------+-------------------------------------------
     0 | D:1      | ventricule the Demigod Warper began the quest for the Orb.
     0 | D:1      | Reached XP level 1. HP: 17/17 MP: 5/5
    64 | D:1      | Reached skill level 2 in Long Blades
   391 | D:1      | HP: 4/17 [kobold/stone (1)]
   647 | D:1      | Reached XP level 2. HP: 22/24 MP: 7/7
   651 | D:1      | Learned a level 2 spell: Shroud of Golubria
   660 | D:1      | Identified a +2 helmet (You found it on level 1 of the Dungeon)
   703 | D:1      | Identified a +0 hunting sling (You found it on level 1 of the Dungeon)
   707 | D:1      | Identified a +0 falchion
   943 | D:1      | Identified a +0 pair of gloves (You found it on level 1 of the Dungeon)
   948 | D:1      | Identified a scarf of spirit shield (You found it on level 1 of the Dungeon)
  1184 | D:2      | Found a faded altar of an unknown god.
  1207 | D:2      | Reached skill level 3 in Long Blades
  1207 | D:2      | Reached skill level 1 in Charms
  1207 | D:2      | Reached XP level 3. HP: 19/29 MP: 6/8
  1213 | D:2      | Learned a level 2 spell: Blink
  1345 | D:2      | Noticed Jessica
  1374 | D:2      | Identified a scroll of remove curse
  1379 | D:2      | Killed Jessica
  1466 | D:2      | Noticed Terence
  1476 | D:2      | Killed Terence
  1476 | D:2      | Reached skill level 2 in Charms
  1476 | D:2      | Reached XP level 4. HP: 32/36 MP: 5/9
  1838 | D:2      | Noticed Sigmund
  1840 | D:2      | Identified a scroll of enchant weapon
  1841 | D:2      | Identified a scroll of enchant armour
  2102 | D:3      | Reached skill level 3 in Translocations
  2388 | D:3      | Reached skill level 4 in Long Blades
  2388 | D:3      | Reached XP level 5. HP: 41/41 MP: 10/10
  2393 | D:3      | Learned a level 3 spell: Gell's Gravitas
  2458 | D:3      | Identified a scroll of fog
  2870 | D:4      | Noticed Ijyb
  2888 | D:3      | Killed Ijyb
  2941 | D:3      | Reached skill level 2 in Dodging
  3084 | D:4      | Identified a scroll of amnesia
  3168 | D:4      | Identified a scroll of identify
  3168 | D:4      | Identified a potion of lignification
  3177 | D:4      | Reached XP level 6. HP: 39/48 MP: 11/11
  3230 | D:4      | Found a runed door.
  3493 | D:4      | Noticed Pikel
  3506 | D:4      | Killed Pikel
  3506 | D:4      | Reached skill level 5 in Long Blades
  3506 | D:4      | Reached skill level 3 in Dodging
  3506 | D:4      | Reached skill level 4 in Translocations
  3506 | D:4      | Reached XP level 7. HP: 40/53 MP: 8/12
  3788 | D:4      | Reached skill level 4 in Dodging
  3931 | D:4      | Noticed Crazy Yiuf
  3937 | D:4      | Killed Crazy Yiuf
  3953 | D:4      | Identified a +0 cloak (You took it off Crazy Yiuf on level 4 of the Dungeon)
  3996 | D:5      | Entered Level 5 of the Dungeon
  4274 | D:5      | Identified a ring of flight (You found it on level 5 of the Dungeon)
  4341 | D:5      | Noticed Blork the orc
  4342 | D:5      | Identified a +0 blowgun (You took it off a kobold on level 3 of the Dungeon)
  4372 | D:6      | Reached skill level 6 in Long Blades
  4460 | D:6      | Identified a scroll of teleportation
  4461 | D:6      | Identified a scroll of noise
  4802 | D:5      | Reached XP level 8. HP: 42/60 MP: 2/13
  4803 | D:5      | Found an opulent altar of Gozag.
  4959 | D:5      | Killed Blork the orc
  4959 | D:5      | Reached skill level 5 in Dodging
  4966 | D:5      | Identified 2 potions of flight
  4966 | D:5      | HP: 11/60 [centaur/arrow (7)]
  4967 | D:5      | Identified 2 potions of cancellation
  4969 | D:5      | Identified a potion of might
  4970 | D:5      | Identified a potion of berserk rage
  4970 | D:5      | HP: 4/90 [centaur/arrow (12)]
  4975 | D:5      | Identified a +0 hand axe
  4975 | D:5      | Slain by a centaur

Table legend:
 A = Turns spent in this place as a percentage of turns spent in the entire game.
 B = Non-inter-level travel turns spent in this place as a percentage of non-inter-level travel turns spent in the entire game.
 C = Inter-level travel turns spent in this place as a percentage of turns spent in this place.
 D = Turns resting spent in this place as a percentage of non-inter-level travel turns spent in this place.
 E = Turns spent auto-exploring this place as a percentage of non-inter-level travel turns spent in this place.
 F = Non-inter-level travel turns spent in this place divided by the number of levels of this place that you've seen.
                   A       B       C       D       E      F
               +-------+-------+-------+-------+-------+----------------------
         Total | 100.0 | 100.0 |   4.4 |  21.4 |  48.1 | 792.5
       Dungeon | 100.0 | 100.0 |   4.4 |  21.4 |  48.1 | 792.5
               +-------+-------+-------+-------+-------+----------------------

Table legend:
 A = Kills in this place as a percentage of kills in entire the game.
 B = Kills by you in this place as a percentage of kills by you in the entire game.
 C = Kills by friends in this place as a percentage of kills by friends in the entire game.
 D = Other kills in this place as a percentage of other kills in the entire game.
 E = Experience gained in this place as a percentage of experience gained in the entire game.
 F = Experience gained in this place divided by the number of levels of this place that you have seen.
                   A       B       C       D       E      F
               +-------+-------+-------+-------+-------+----------------------
         Total | 100.0 | 100.0 |   N/A |   N/A | 100.0 | 301.8
       Dungeon | 100.0 | 100.0 |   N/A |   N/A | 100.0 | 301.8
               +-------+-------+-------+-------+-------+----------------------

Skill      XL: |  1  2  3  4  5  6  7  8 |
---------------+-------------------------+-----
Long Blades    | 2 3 4 5 6 |  6.4
Charms         | 1 2 |  2.1
Translocations | 3 4 |  4.8
Dodging        | 2 3 4 5 |  5.1
Fighting       | |  1.7
Throwing       | |  0.8
Armour         | |  0.8
Spellcasting   | |  1.7

Action                   |  1- 3 |  4- 6 |  7- 9 || total
-------------------------+-------+-------+-------++-------
Melee: Falchion          |    90 |   189 |   109 ||   388
 Fire: Hunting sling     |    20 |    17 |       ||    37
       Blowgun           |       |       |    12 ||    12
Throw: Tomahawk          |       |     3 |     1 ||     4
       Stone             |       |     7 |     3 ||    10
 Cast: Shroud of Golubri |     4 |    12 |     8 ||    24
       Blink             |       |     1 |       ||     1
       Gell's Gravitas   |       |       |     4 ||     4
Evoke: Wand              |       |     9 |     6 ||    15
  Use: Scroll            |     1 |     5 |     3 ||     9
       Potion            |       |       |     5 ||     5
 Stab: Distracted        |     1 |       |       ||     1
       Sleeping          |       |     1 |       ||     1
  Eat: Chunk             |     2 |     8 |     6 ||    16
Armor: Leather armour    |    29 |    48 |    40 ||   117
       Skin              |       |       |    12 ||    12
Dodge: Dodged            |    59 |   105 |    79 ||   243
       Rpst.: Falchion   |    16 |    39 |    26 ||    81

Vanquished Creatures
  Pikel (D:4)
  A centaur (D:5)
  Blork the orc (D:5)
  A scorpion (D:6)
  Crazy Yiuf (D:4)
  An orc wizard (D:4)
  3 hounds
  2 centaur skeletons
  3 iguanas (D:4)
  Jessica (D:2)
  Ijyb (D:3)
  Terence (D:2)
  2 worker ants
  A hound skeleton (D:5)
  3 gnolls (D:5)
  A howler monkey skeleton (D:4)
  7 adders
  An ooze (D:2)
  4 worms
  A dart slug (D:1)
  3 leopard geckos
  17 orcs
  5 giant cockroaches
  8 goblins
  5 hobgoblins
  4 jackals (D:1)
  5 kobolds
  A quokka (D:4)
  6 bats
  9 frilled lizards
  A jackal skeleton (D:4)
  6 rats
107 creatures vanquished.
